Description

Opener as shown in the PiG video

VOD

https://www.youtube.com/watch?v=KeXt_5oBd50

Build Order

Get SALT Encoding   

  8  0:02  Probe  
  9  00:06  Action (Chrono Boost)  chrono nexus
  9  0:12  Probe  
  10  0:19  Probe  
  11  0:34  Probe  
  12  0:37  Probe  
  12  0:38  Pylon  
  12  0:39  Action  scout
  13  0:48  Probe  
  14  1:01  Gateway  
  14  1:02  Probe  
  14  1:03  Action (Chrono Boost)  chrono nexus
  15  1:10  Action  take Gas
  15  1:15  Probe  
  18  1:31  Probe  
  19  1:44  Probe  
  19  1:51  Nexus  
  19  2:02  Cybernetics Core  
  20  2:10  Action, Pylon  second Gas
  200  10:00  Action  WIN
Spawning Tool Build Advisor. Get it on Overwolf

Go to:

Details

  • Created by: kolymine
  • Published on: Jul 09, 2026
  • Modified on: Jul 09, 2026
  • Patch: 5.0.16
  • Difficulty: Easy
Show
View Real Time Build Order
Export as new Build Order

Comments (0)

There are no comments. Be the first!

Create an account to comment!